Map: Ever Dream LE

Players

Vindicta

  • Race: Terran Terran
  • League: Master
  • Spawn Location: 7:00

MCanning - Winner!

  • Race: Protoss Protoss
  • Spawn Location: 1:00

Event: DreamHack SC2 Masters 2020 Fall

VOD

Have the link to the VOD?

Description

Time

  • Played on: Sept. 1, 2020, 5:20 p.m.
  • Length: 9:04

All games in this series

Show
View Real Time Build Order
Export as new Build Order

Vindicta Terran 

Build Orders: Reaper Expand 

Get SALT Encoding   

  12  0:00  SCV  
  13  0:12  SCV  
  14  0:17  Supply Depot  
  14  0:24  SCV  
  15  0:38  SCV  
  15  0:39  Barracks  
  16  0:44  Refinery  
  16  0:50  SCV  
  17  1:02  SCV  
  18  1:15  SCV  
  19  1:28  Reaper, Orbital Command  
  20  1:45  Command Center  
  20  1:53  Supply Depot  
  20  1:56  SCV  
  20  2:00  Marine  
  22  2:08  SCV  
  23  2:12  Factory  
  23  2:20  Bunker  
  23  2:22  Barracks Reactor  
  23  2:23  SCV  
  24  2:30  Refinery  
  24  2:35  SCV  
  25  2:47  SCV  
  26  2:56  Hellion  
  26  2:57  Starport  
  28  2:59  SCV, Orbital Command  
  29  3:06  Marine  
  29  3:08  Marine  
  29  3:11  SCV  
  32  3:18  Widow Mine  
  34  3:20  Supply Depot  
  34  3:24  Marine  
  34  3:25  SCV x2  
  37  3:29  Marine  
  37  3:34  Medivac  
  40  3:40  Widow Mine  
  40  3:41  SCV  
  43  3:43  Supply Depot  
  44  3:53  Marine  
  44  3:54  SCV, Marine  
  45  3:59  SCV, Barracks  
  45  4:02  Barracks  
  44  4:05  Starport Tech Lab, Factory Tech Lab  
  44  4:06  SCV  
  45  4:11  SCV, Marine  
  45  4:12  Marine  
  48  4:18  SCV  
  48  4:23  SCV, Raven  
  52  4:28  Supply Depot  
  52  4:29  Marine  
  52  4:31  SCV  
  54  4:33  Engineering Bay  
  54  4:35  Refinery  
  54  4:41  Marine  
  54  4:44  Factory Reactor  
  56  4:45  SCV  
  56  4:47  SCV, Marine  
  56  4:50  Barracks Tech Lab  
  56  4:51  Supply Depot  
  57  4:57  SCV  
  57  4:58  Marine  
  57  4:59  SCV, Stimpack  
  57  5:05  Terran Infantry Weapons Level 1  
  55  5:09  SCV  
  55  5:11  Refinery  
  56  5:14  Marine x2  
  56  5:15  Starport Reactor  
  56  5:16  Marine  
  56  5:17  Combat Shield  
  60  5:21  Marine  
  60  5:22  SCV, Supply Depot  
  60  5:24  Widow Mine  
  60  5:25  Widow Mine  
  65  5:32  Marine  
  65  5:34  Marauder  
  68  5:36  Supply Depot, Marine  
  68  5:38  SCV x2  
  68  5:40  Marauder  
  73  5:45  Supply Depot  
  73  5:46  Widow Mine  
  75  5:50  SCV, Marine, Widow Mine  
  75  5:53  Medivac  
  75  5:54  Marine  
  75  5:56  Marauder  
  84  6:01  Medivac, Marauder  
  88  6:07  SCV x2  
  88  6:08  Marine  
  88  6:10  Widow Mine  
  93  6:13  Missile Turret  
  93  6:14  Marine  
  94  6:19  Widow Mine  
  94  6:24  Marauder  
  98  6:26  Command Center  
  98  6:28  Marauder  
  100  6:34  Supply Depot  
  100  6:42  Liberator x2  
  105  6:49  Marine  
  105  6:51  Marauder, Barracks  
  105  6:52  Concussive Shells, Barracks  
  107  6:59  Widow Mine  
  109  7:05  Supply Depot  
  109  7:11  Marauder  
  110  7:17  Marauder  
  102  7:25  Medivac x2  
  104  7:34  SCV, Marine, Widow Mine  
  104  7:35  SCV  
  104  7:36  Widow Mine, Marine  
  95  7:38  Marauder  
  95  7:40  Barracks Reactor, Barracks Tech Lab  
  93  7:47  SCV x2  
  96  7:51  Marine  
  96  7:55  Widow Mine  
  96  7:57  Widow Mine  
  102  7:59  SCV  
  102  8:01  Medivac x2  
  102  8:03  Ghost Academy  
  105  8:08  SCV  
  105  8:10  Marine x2  
  105  8:11  SCV  
  109  8:17  Widow Mine  
  109  8:18  Missile Turret, Widow Mine  
  113  8:22  Missile Turret x2  
  113  8:26  SCV  
  111  8:29  SCV  
  103  8:38  Widow Mine  
  97  8:41  Widow Mine  
  97  8:42  Marine  
  97  8:43  Marauder, Marine  
Show
View Real Time Build Order
Export as new Build Order

MCanning Protoss - Winner!

Build Orders: 1 Gate Expand, Blink Stalkers 

Get SALT Encoding   

  12  0:00  Probe  
  13  0:12  Probe  
  14  0:17  Pylon  
  14  0:24  Probe  
  15  0:36  Probe (Chrono Boost)  
  15  0:37  Gateway  
  16  0:47  Probe (Chrono Boost), Assimilator  
  17  0:52  Probe (Chrono Boost)  
  18  1:03  Probe  
  19  1:12  Unknown  
  19  1:13  Unknown  
  19  1:14  Unknown  
  19  1:15  Probe  
  20  1:22  Nexus  
  20  1:32  Cybernetics Core  
  20  1:34  Probe  
  21  1:42  Pylon  
  21  1:46  Probe  
  22  1:49  Assimilator  
  22  1:59  Probe  
  23  2:05  Adept (Chrono Boost)  
  25  2:09  Warp Gate  
  25  2:11  Probe (Chrono Boost)  
  26  2:21  Probe (Chrono Boost)  
  27  2:25  Pylon  
  27  2:26  Probe (Chrono Boost)  
  27  2:29  Stalker  
  30  2:36  Twilight Council  
  30  2:42  Probe (Chrono Boost)  
  30  2:43  Probe (Chrono Boost)  
  33  2:52  Probe (Chrono Boost)  
  33  2:55  Probe (Chrono Boost)  
  33  2:57  Probe (Chrono Boost)  
  34  3:03  Probe  
  34  3:04  Blink (Chrono Boost)  
  36  3:08  Probe  
  37  3:15  Probe  
  37  3:18  Gateway  
  38  3:20  Probe  
  38  3:24  Gateway  
  39  3:27  Probe  
  39  3:32  Probe  
  41  3:36  Robotics Facility  
  41  3:39  Probe  
  42  3:44  Probe, Pylon  
  43  3:52  Probe  
  44  3:56  Probe  
  45  4:04  Probe  
  45  4:08  Probe, Nexus  
  45  4:09  Pylon  
  47  4:11  Sentry  
  47  4:14  Assimilator  
  47  4:16  Probe  
  50  4:18  Stalker  
  50  4:21  Probe  
  50  4:23  Pylon  
  54  4:24  Observer  
  54  4:27  Stalker  
  54  4:28  Probe  
  57  4:33  Probe  
  58  4:40  Probe  
  58  4:41  Charge (Chrono Boost)  
  58  4:43  Zealot  
  58  4:45  Probe  
  62  4:50  Gateway  
  62  4:52  Probe, Gateway  
  63  4:54  Gateway  
  63  4:55  Observer  
  63  4:57  Probe  
  65  5:05  Probe, Gateway  
  63  5:10  Sentry  
  63  5:12  Pylon  
  65  5:16  Pylon  
  65  5:21  Immortal (Chrono Boost)  
  65  5:25  Probe  
  65  5:28  Probe  
  71  5:29  Zealot  
  71  5:32  Probe  
  74  5:36  Shield Battery  
  74  5:38  Robotics Bay  
  74  5:48  Shield Battery  
  78  5:50  Immortal (Chrono Boost)  
  78  5:53  Zealot x2  
  82  5:58  Zealot x2  
  82  6:03  Stalker x2  
  90  6:07  Pylon  
  90  6:10  Probe  
  91  6:11  Probe  
  91  6:14  Dark Shrine, Zealot  
  94  6:18  Zealot x2  
  94  6:23  Probe, Pylon  
  99  6:30  Zealot x3, Disruptor (Chrono Boost)  
  108  6:40  Pylon  
  108  6:43  Observer  
  108  6:46  Shield Battery  
  108  6:47  Zealot x3  
  108  6:48  Zealot  
  116  6:56  Disruptor (Chrono Boost)  
  116  6:58  Zealot  
  116  6:59  Zealot x2  
  125  7:03  Pylon  
  125  7:08  Stalker x2  
  125  7:26  Zealot x4  
  120  7:38  Dark Templar  
  120  7:41  Probe  
  120  7:43  Assimilator  
  123  7:45  Warp Prism (Chrono Boost), Probe  
  123  7:47  Forge, Assimilator, Dark Templar  
  123  7:49  Forge  
  128  7:51  Probe  
  128  7:52  Assimilator  
  129  8:00  Probe  
  129  8:02  Robotics Facility  
  129  8:03  Stalker  
  129  8:04  Stalker x2  
  136  8:06  Probe  
  136  8:10  Zealot x2  
  141  8:20  Probe  
  140  8:29  Stalker  
  141  8:39  Stalker x2  
  137  8:46  Probe  
  137  8:47  Stalker x2  
  140  8:51  Pylon  
  140  8:52  Probe  
  140  8:55  Pylon  

Tags
 
Add a new tag
Caveats
  • Supply blocks, unpowered buildings, or Contaminate may cause inaccurate times.
  • Supply counts are checked every 10 seconds.